 Dungeon Crawl Stone Soup version 0.31.0-12-g77e489cdc1 (webtiles) character file.

Game seed: 14077960634505283493

11036 lordive the Geomancer (level 11, -7/64 HPs)
             Began as a Gargoyle Earth Elementalist on Feb 28, 2024.
             Was a Believer of Vehumet.
             Mangled by a death yak (19 damage)
             ... on level 1 of the Lair of Beasts.
             The game lasted 00:28:57 (13611 turns).

lordive the Geomancer (GrEE)                       Turns: 13611, Time: 00:28:57

Health: -7/64      AC: 14    Str: 13    XL:     11   Next: 71%
Magic:  5/24       EV: 12    Int: 19    God:    Vehumet [**....]
Gold:   693        SH:  5    Dex: 10    Spells: 12/28 levels left

rFire   . . .        A - +1 whip (elec)
rCold   . . .        E - +0 buckler
rNeg    + . .        R - +1 robe {Will+}
rPois   ∞            L - +0 helmet
rElec   +            (no cloak)
rCorr   +            P - +0 pair of gloves
SInv    .            O - +0 pair of boots
Will    +....        (no amulet)
Stlth   +++          n - ring of flight
HPRegen 0.30/turn    K - ring of the Locust {Wiz rCorr Stlth+}
MPRegen 0.19/turn

%: wizardry (x1)
@: flying, very slightly contaminated, hasted, very quick
A: sickness immunity, AC +8, negative energy resistance 1, electricity
resistance, torment resistance 1, petrification resistance
a: Renounce Religion


You were on level 1 of the Lair of Beasts.
You worshipped Vehumet.
Vehumet was pleased with you.
You visited 3 branches of the dungeon, and saw 12 of its levels.
You also visited: Ossuary.

You collected 693 gold pieces.

Inventory:

Hand Weapons
 A - a +1 whip of electrocution (weapon)
Armour
 E - a +0 buckler (worn)
 L - a +0 helmet (worn)
 O - a +0 pair of boots (worn)
 P - a +0 pair of gloves (worn)
 Q - a +0 leather armour
 R - a +1 robe of willpower (worn)
Jewellery
 d - a ring of see invisible
 n - a ring of flight (left hand)
 t - a ring of resist corrosion
 y - an amulet of faith
 B - a ring of protection from fire
 K - the ring of the Locust (right hand) {Wiz rCorr Stlth+}
   (You found it in an ossuary)

   [ring of wizardry]

   Wiz:       It improves your spell success rate.
   rCorr:     It protects you from acid and corrosion.
   Stlth+:    It makes you more stealthy.
 M - a ring of willpower
 S - a ring of positive energy
 T - a ring of protection from fire
 U - a ring of protection from fire
Wands
 w - a wand of charming (10)
 z - a wand of polymorph (12)
 D - a wand of light (11)
 F - a wand of iceblast (10)
 N - a wand of flame (6)
Scrolls
 a - a scroll of brand weapon {unknown}
 c - a scroll of fear {unknown}
 f - 5 scrolls of enchant weapon {unknown}
 g - 4 scrolls of immolation {unknown}
 h - 5 scrolls of teleportation {unknown}
 l - 4 scrolls of poison {unknown}
 o - 2 scrolls of noise {unknown}
 p - 2 scrolls of revelation {unknown}
 q - 2 scrolls of silence {unknown}
 r - 6 scrolls of torment {unknown}
 s - a scroll of amnesia {unknown}
 v - 6 scrolls of identify {unknown}
 J - a scroll of blinking {unknown}
 V - a scroll of vulnerability {unknown}
Potions
 b - a potion of magic
 e - 2 potions of brilliance {unknown}
 i - a potion of enlightenment {unknown}
 j - 4 potions of curing {unknown}
 k - 11 potions of degeneration
 m - a potion of heal wounds {unknown}
 u - 3 potions of haste
 x - 2 potions of mutation {unknown}
 C - 2 potions of might {unknown}
 G - 2 potions of resistance {unknown}
 H - 5 potions of attraction {unknown}
 I - 2 potions of lignification {unknown}


   Skills:
 * Level 5.2 Fighting
 * Level 4.9 Dodging
 - Level 2.1 Stealth
 * Level 5.6 Shields
 + Level 9.2 Spellcasting
 * Level 8.5 Conjurations
 * Level 4.5 Fire Magic
 + Level 10.9 Earth Magic


You had 12 spell levels left.
You knew the following spells:

 Your Spells              Type           Power      Damage    Failure   Level
a - Sandblast             Erth           100%       2d20      1%          1
b - Stone Arrow           Conj/Erth      90%        3d12      1%          3
c - Brom's Barrelling Bo  Conj/Erth      45%        2d6       1%          4
d - Ignite Poison         Fire/Alch      17%        N/A       16%         4
e - Sticky Flame          Fire/Alch      17%        2d5       16%         4

Your spell library contained the following spells:

 Spells                   Type           Power      Damage    Failure   Level
 Scorch                   Fire           50%        2d7       1%          2
 Foxfire                  Conj/Fire      100%       2x1d9     1%          1
 Kiss of Death            Conj/Necr      100%       2d13      1%          1
 Passwall                 Erth           50%        N/A       1%          3
 Dazzling Flash           Conj/Hex       50%        N/A       2%          3
 Apportation              Tloc           16%        N/A       4%          1
 Mephitic Cloud           Conj/Alch/Air  19%        N/A       4%          3
 Petrify                  Alch/Erth      29%        N/A       4%          4
 Jinxbite                 Hex            16%        N/A       6%          2
 Lesser Beckoning         Tloc           16%        N/A       6%          2
 Confusing Touch          Hex            8%         N/A       13%         3
 Gell's Gravitas          Tloc           8%         N/A       13%         3
 Teleport Other           Tloc           8%         N/A       13%         3
 Dispel Undead            Necr           8%         3d8       38%         4
 Starburst                Conj/Fire      16%        6d6       38%         6
 Alistair's Intoxication  Alch           5%         N/A       71%         5
 Curse of Agony           Necr           8%         N/A       71%         5
 Silence                  Hex/Air        4%         N/A       71%         5
 Plasma Beam              Fire/Air       8%         2x1d19    92%         6
 Ignition                 Fire           12%        3d6       100%        8


Dungeon Overview and Level Annotations

Branches:
Dungeon (10/15)            Temple (1/1) D:4            Lair (1/5) D:10
    Orc (0/2) D:10        Ossuary (visited)

Altars:
Ashenzari
Cheibriados
Dithmenos
Elyvilon
Fedhas
Gozag
Hepliaklqana
Kikubaaqudgha
Makhleb
Nemelex Xobeh
Okawaru
Qazlal
Ru
Sif Muna
Trog
Uskayaw
Vehumet
Wu Jian
Xom
Yredelemnul
Zin
The Shining One

Shops:
D:1 (   D:2 [   D:4 :   D:6 *

Annotations:
D:8 1 runed translucent door, zeteo's ghost, novice HORe


Innate Abilities, Weirdness & Mutations

You are immune to sickness and miasma.
Your stone body is resilient. (AC +8)
You are immune to poison.
You resist negative energy. (rN+)
You are resistant to electric shocks. (rElec)
You are resistant to unholy torment.
You are immune to petrification.


Message History

Your boulder is destroyed!
Casting: Brom's Barrelling Boulder (dangerous; 1% risk of failure)
Confirm with . or Enter, or press ? or * to list all spells.
Aiming: Stone Arrow (safe; 1% risk of failure)
Press: ? - help, Shift-Dir - straight line, f/p - death yak
Aim: a death yak (92% to hit)
The stone arrow hits the death yak!
The death yak is lightly wounded.
Casting: Stone Arrow (safe; 1% risk of failure)
Confirm with . or Enter, or press ? or * to list all spells.
You don't know that spell.
Unknown command.
Casting: Stone Arrow (safe; 1% risk of failure)
Confirm with . or Enter, or press ? or * to list all spells.
Okay, then.
Casting: Stone Arrow (safe; 1% risk of failure)
Confirm with . or Enter, or press ? or * to list all spells.
Aiming: Sticky Flame (dangerous; 16% risk of failure)
Press: ? - help, Shift-Dir - straight line, f/p - death yak
Aim: a death yak (lightly wounded)
You miscast Sticky Flame.
You are very lightly contaminated with residual magic.
Nothing appears to happen.
The death yak gores you!
Casting: Sticky Flame (dangerous; 16% risk of failure)
Confirm with . or Enter, or press ? or * to list all spells.
Aiming: Sticky Flame (dangerous; 16% risk of failure)
Press: ? - help, Shift-Dir - straight line, f/p - death yak
Aim: a death yak (lightly wounded)
The sticky flame hits the death yak but does no damage.
The death yak is lightly wounded.
The death yak burns!
The death yak gores you!
The death yak burns!
The death yak shakes off the sticky flame as it moves.
The death yak attacks as it pursues you!
The death yak gores you!!
* * * LOW HITPOINT WARNING * * *
Okay, then.
Okay, then.
You feel yourself speed up. The death yak gores you!!
You die...

♣♣♣♣♣♣ ♣♣....♣♣♣
♣♣♣♣♣♣♣..♣♣♣..♣♣♣
.........♣
♣♣♣..♣♣♣
♣♣♣♣♣...♣♣ ♣♣♣@Y♣
♣...♣♣♣♣ ♣♣♣F♣
♣♣♣♣.....♣ ♣S♣
♣♣♣.)..♣♣♣♣.♣ .♣
♣...♣♣♣♣ . ...♣♣
.. .♣♣♣ .! ♣♣ /..


You could see a death yak, a cane toad and a water moccasin.

Vanquished Creatures
  A two-headed ogre (D:10)
  2 cane toads
  2 komodo dragons (Lair:1)
  A troll (D:9)
  A polar bear (Lair:1)
  2 hornets
  Grinder (D:6)
  A shadow (D:10)
  6 wyverns
  3 spriggans (Lair:1)
  A vampire (D:10)
  10 yaks
  A steam dragon (D:6)
  2 acid dragons (D:10)
  4 water moccasins
  An ice beast (D:6)
  A swamp drake (D:10)
  3 sky beasts
  2 ogres
  5 orc warriors
  A black bear (D:7)
  5 centaurs
  A weeping skull (Ossuary)
  2 elf zombies (Ossuary)
  5 bullfrogs
  2 scorpions (D:5)
  2 burial acolytes (Ossuary)
  5 wights
  14 killer bees
  3 howler monkeys
  A bombardier beetle (D:5)
  6 hounds
  5 human zombies (Ossuary)
  A jelly (D:6)
  5 orc priests
  2 gnoll boudas
  2 iguanas
  Ijyb (D:5)
  8 orc wizards
  4 hound zombies (Ossuary)
  2 mummies (Ossuary)
  9 gnolls
  5 adders
  A shadow imp (D:5)
  2 dart slugs
  3 ribbon worms
  29 orcs
  12 ball pythons
  7 endoplasms
  3 giant cockroaches (D:1)
  A gnoll zombie (Ossuary)
  5 goblins
  8 hobgoblins
  10 jackals
  4 kobolds
  7 quokkas
  5 bats
  5 frilled lizards
  4 orc zombies (Ossuary)
  2 rats (D:2)
249 creatures vanquished.

Vanquished Creatures (others)
  A boulder (Lair:1)
1 creature vanquished.

Grand Total: 250 creatures vanquished

Notes
Turn   | Place    | Note
-------+----------+-------------------------------------------
     0 | D:1      | lordive the Gargoyle Earth Elementalist began the quest for
                  | the Orb.
     0 | D:1      | Reached XP level 1. HP: 10/10 MP: 3/3
   127 | D:1      | Reached skill level 4 in Earth Magic
   146 | D:1      | Reached XP level 2. HP: 14/15 MP: 0/5
   509 | D:1      | Reached XP level 3. HP: 19/19 MP: 2/6
   513 | D:1      | Learned a level 3 spell: Stone Arrow
   607 | D:1      | Found Dem Kiess's Weapon Shoppe.
  1893 | D:2      | Found Woasil's Armour Boutique.
  2003 | D:2      | Reached XP level 4. HP: 17/24 MP: 0/8
  3248 | D:3      | Reached XP level 5. HP: 28/28 MP: 7/9
  3355 | D:4      | Found Lareeris's Tiny Tomes.
  3525 | D:4      | Found a staircase to the Ecumenical Temple.
  3819 | D:4      | Found a glowing silver altar of Zin.
  3870 | D:4      | Found an iron altar of Okawaru.
  3919 | Temple   | Entered the Ecumenical Temple
  4358 | D:5      | Entered Level 5 of the Dungeon
  4545 | D:5      | Noticed an ice beast
  4575 | D:5      | Reached skill level 5 in Earth Magic
  4607 | D:5      | Reached XP level 6. HP: 33/33 MP: 0/12
  5030 | D:5      | Noticed Ijyb
  5035 | D:5      | Killed Ijyb
  5162 | D:5      | Reached XP level 7. HP: 36/37 MP: 2/13
  5374 | D:6      | Noticed a wyvern
  5377 | D:6      | Killed a wyvern
  5378 | D:6      | Reached skill level 6 in Earth Magic
  5564 | D:6      | Reached skill level 5 in Spellcasting
  5607 | D:6      | Reached skill level 7 in Earth Magic
  5607 | D:6      | Reached XP level 8. HP: 36/42 MP: 5/16
  5612 | D:6      | Learned a level 4 spell: Brom's Barrelling Boulder
  5865 | D:6      | Found a sand-covered staircase.
  5871 | Ossuary  | Entered an ossuary
  6314 | Ossuary  | Reached skill level 5 in Conjurations
  6591 | Ossuary  | Identified the ring of the Locust {Wiz rCorr Stlth+}
  6744 | Ossuary  | Reached skill level 1 in Fighting
  6966 | Ossuary  | Reached skill level 8 in Earth Magic
  7166 | D:6      | Found Gozag's Platinum Reserve.
  7168 | D:6      | Found an opulent altar of Gozag.
  7194 | D:6      | Reached XP level 9. HP: 47/47 MP: 11/19
  7197 | D:6      | Reached skill level 1 in Shields
  7344 | D:6      | Noticed Grinder
  7352 | D:6      | Killed Grinder
  7903 | D:7      | Learned a level 4 spell: Ignite Poison
  7908 | D:7      | Learned a level 4 spell: Sticky Flame
  7989 | D:7      | Found a radiant altar of Vehumet.
  7993 | D:7      | Found a shadowy altar of Dithmenos.
  7993 | D:7      | Found a bloodstained altar of Trog.
  7997 | D:7      | Became a worshipper of Vehumet
  8082 | D:7      | You are sucked into a shaft and drop 3 floors!
  8082 | D:10     | Entered Level 10 of the Dungeon
  8393 | D:8      | Reached skill level 1 in Fire Magic
  8730 | D:7      | Reached skill level 9 in Earth Magic
  9367 | D:8      | Reached XP level 10. HP: 54/54 MP: 5/21
  9509 | D:7      | Reached * piety under Vehumet
  9509 | D:7      | Offered knowledge of Foxfire by Vehumet.
  9928 | D:8      | Noticed zeteo's ghost (novice HORe)
  9949 | D:8      | Found a runed translucent door.
 11172 | D:9      | Reached skill level 10 in Earth Magic
 11357 | D:10     | Found a staircase to the Orcish Mines.
 11639 | D:10     | Noticed a two-headed ogre
 11645 | D:10     | Killed a two-headed ogre
 11646 | D:10     | Reached XP level 11. HP: 61/61 MP: 10/23
 11841 | D:10     | Offered knowledge of Scorch by Vehumet.
 11934 | D:10     | Reached ** piety under Vehumet
 11958 | D:10     | Reached skill level 5 in Shields
 12249 | D:10     | Found a staircase to the Lair.
 12704 | Lair:1   | Entered Level 1 of the Lair of Beasts
 13016 | D:10     | Reached skill level 5 in Fighting
 13599 | Lair:1   | Noticed a death yak
 13611 | Lair:1   | Mangled by a death yak

Illustrated notes

Levels and vault maps discovered:
D:1:      minmay_arrival_hallway, layout_basic, serial_shops,
          nicolae_shop_back_alley_shop
D:2:      layout_loops_ring, serial_shops, nicolae_diamond_shop
D:3:      layout_loops_cross, kennysheep_generic_room_16
D:4:      layout_layer_cave, okawaru_trees_1, zin_statuary,
          minmay_temple_entry_drinking_statues,
          nicolae_shop_i_like_small_books_too,
          serial_library_hellmonk_open_square, kennysheep_generic_room_5
D:5:      layout_loops_ring, uniq_ijyb
D:6:      layout_loops_ring, nicolae_gozag_zags_fifth_avenue,
          nicolae_ossuary_entry_plus, uniq_grinder
D:7:      layout_loops_corners, grunt_temple_overflow_open
D:8:      layout_rooms, hellmonk_ghost_big_iron, minivault_14
D:9:      layout_long_grid
D:10:     layout_roguey, minmay_lair_entry_grove, erik_orc_1, minmay_misc_feat_x
Temple:   nicolae_temple_x_marks_the_god
Lair:1:   kb_forest_paths, layout_chaotic_city

Skill      XL: |  1  2  3  4  5  6  7  8  9 10 11 |
---------------+----------------------------------+-----
Earth Magic    | 4 5 7 8 9 10 | 10.9
Spellcasting   | 3 4 5 6 7 8 9 |  9.2
Conjurations   | 2 3 4 5 6 7 8 |  8.5
Dodging        | 2 3 4 |  4.9
Fighting       | 1 2 4 5 |  5.2
Shields        | 3 4 5 |  5.6
Fire Magic     | 1 3 4 |  4.5
Stealth        | |  2.1

Action                     |  1- 3 |  4- 6 |  7- 9 | 10-12 || total
---------------------------+-------+-------+-------+-------++-------
  Melee: Unarmed           |     2 |     2 |       |       ||     4
         Whip              |       |       |     2 |     7 ||     9
   Cast: Sandblast         |    66 |    40 |    69 |    86 ||   261
         Stone Arrow       |     4 |    26 |    90 |   127 ||   247
         Sticky Flame      |       |       |       |     1 ||     1
         Brom's Barrelling |       |       |       |     1 ||     1
    Use: Potion            |       |       |       |     1 ||     1
 Armour: Robe              |    40 |    11 |    74 |   140 ||   265
  Dodge: Dodged            |    53 |    30 |    56 |    99 ||   238
  Block: Buckler           |       |       |     6 |    42 ||    48
